TOP OF THE 1ST |
Kansas City Kings batting - Pitching for Greenville 84s : RHP Vicente Durán
|
Pitching: RHP Vicente Durán
|
|
Batting: RHB Chris Chandler
|
0-0: Ball 1-0: Foul Ball, location: 2F 1-1: Foul Ball, location: 2F 1-2: Strikes out swinging
|
Batting: RHB Dave Parker
|
0-0: Ball 1-0: Ball 2-0: Foul Ball, location: 2F 2-1: Swinging Strike 2-2: Strikes out looking
|
Batting: LHB Stan Hickman
|
0-0: Foul Ball, location: 2F 0-1: Foul Ball, location: 2F 0-2: Ball 1-2: Ground out 1-3 (Groundball, 15S)
|
Top of the 1st over - 0 run(s), 0 hit(s), 0 error(s), 0 left on base; Kansas City 0 - Greenville 0 |
BOTTOM OF THE 1ST |
Greenville 84s batting - Pitching for Kansas City Kings : RHP Marty Bradford
|
Pitching: RHP Marty Bradford
|
|
Batting: RHB Carlos Torres
|
0-0: Ball 1-0: Ball 2-0: Bunted foul 2-1: Fly out, F5 (Line Drive, 56)
|
Batting: LHB Robert Moore
|
0-0: Ball 1-0: SINGLE (Groundball, 4) (infield hit)
|
Batting: RHB Enzo Díaz
|
0-0: Ball 1-0: Called Strike 1-1: Foul Ball, location: 2F 1-2: Grounds into double play, 6-4-3 (Groundball, 6)
|
Bottom of the 1st over - 0 run(s), 1 hit(s), 0 error(s), 0 left on base; Kansas City 0 - Greenville 0 |
TOP OF THE 2ND |
Kansas City Kings batting - Pitching for Greenville 84s : RHP Vicente Durán
|
Batting: RHB Toshimichi Kono
|
0-0: Called Strike 0-1: Ball 1-1: Foul Ball, location: 2F 1-2: Ball 2-2: Ball 3-2: Base on Balls
|
Batting: LHB Brian Boone
|
0-0: Ball 1-0: Ball 2-0: Fly out, F7 (Flyball, 78M)
|
Batting: LHB Michael Cook
|
0-0: Called Strike 0-1: Ball 1-1: Ball 2-1: Called Strike 2-2: Foul Ball, location: 2F 2-2: Strikes out looking
|
Batting: LHB Luis González
|
0-0: Foul Ball, location: 2F 0-1: Ball 1-1: Ball 2-1: Called Strike 2-2: 2-RUN HOME RUN (Flyball, 9D), Distance : 385 ft
|
Batting: SHB António De La Cruz
|
0-0: Ball 1-0: Foul Ball, location: 2F 1-1: Fly out, F8 (Flyball, 78S)
|
Top of the 2nd over - 2 run(s), 1 hit(s), 0 error(s), 0 left on base; Kansas City 2 - Greenville 0 |
BOTTOM OF THE 2ND |
Greenville 84s batting - Pitching for Kansas City Kings : RHP Marty Bradford
|
Batting: LHB Paco Rosas
|
0-0: Ball 1-0: Foul Ball, location: 2F 1-1: Ground out 3-1 (Groundball, 34)
|
Batting: LHB Jimmy Vickers
|
0-0: Called Strike 0-1: Ball 1-1: Ball 2-1: Foul Ball, location: 2F 2-2: Strikes out swinging
|
Batting: RHB Vic Langlois
|
0-0: Called Strike 0-1: Ground out 5-3 (Groundball, 5)
|
Bottom of the 2nd over - 0 run(s), 0 hit(s), 0 error(s), 0 left on base; Kansas City 2 - Greenville 0 |
TOP OF THE 3RD |
Kansas City Kings batting - Pitching for Greenville 84s : RHP Vicente Durán
|
Batting: SHB Álex Hernández
|
0-0: Ball 1-0: Ball 2-0: Foul Ball, location: 2F 2-1: Swinging Strike 2-2: Strikes out swinging
|
Batting: RHB Chris Chandler
|
0-0: Ball 1-0: Foul Ball, location: 2F 1-1: Ball 2-1: Ground out 5-3 (Groundball, 5)
|
Batting: RHB Dave Parker
|
0-0: Swinging Strike 0-1: Called Strike 0-2: SINGLE (Line Drive, 6M)
|
Batting: LHB Stan Hickman
|
0-0: Ball 1-0: Ball 2-0: Called Strike 2-1: Ball 3-1: Base on Balls Dave Parker to second
|
Batting: RHB Toshimichi Kono
|
0-0: Called Strike 0-1: Fielders Choice at 2nd, 6-4 (Groundball, 6)
|
Top of the 3rd over - 0 run(s), 1 hit(s), 0 error(s), 1 left on base; Kansas City 2 - Greenville 0 |
BOTTOM OF THE 3RD |
Greenville 84s batting - Pitching for Kansas City Kings : RHP Marty Bradford
|
Batting: RHB Felipe Rodríguez
|
0-0: Foul Ball, location: 2F 0-1: Ball 1-1: Ground out 6-3 (Groundball, 6D)
|
Batting: RHB Robert Buckley
|
0-0: Ball 1-0: Called Strike 1-1: Swinging Strike 1-2: Ball 2-2: SINGLE (Groundball, 34D)
|
Batting: LHB José Costa
|
0-0: Fly out, F6 (Popup, 6)
|
Batting: RHB Carlos Torres
|
0-0: Ball 1-0: Foul Ball, location: 2F 1-1: Ball 2-1: Ball 3-1: Base on Balls Robert Buckley to second
|
Batting: LHB Robert Moore
|
0-0: Foul Ball, location: 2F 0-1: Swinging Strike 0-2: Fly out, F9 (Flyball, 89S)
|
Bottom of the 3rd over - 0 run(s), 1 hit(s), 0 error(s), 2 left on base; Kansas City 2 - Greenville 0 |
TOP OF THE 4TH |
Kansas City Kings batting - Pitching for Greenville 84s : RHP Vicente Durán
|
Batting: LHB Brian Boone
|
0-0: Foul Ball, location: 2F 0-1: Called Strike 0-2: Ball 1-2: Strikes out swinging
|
Batting: LHB Michael Cook
|
0-0: Called Strike 0-1: Ball 1-1: Foul Ball, location: 2F 1-2: Foul Ball, location: 2F 1-2: Foul Ball, location: 2F 1-2: Ball 2-2: Ball 3-2: Base on Balls
|
Batting: LHB Luis González
|
0-0: Ball 1-0: Called Strike Michael Cook steals 2nd base 1-1: Ground out 6-3 (Groundball, 6) Michael Cook to third
|
Batting: SHB António De La Cruz
|
0-0: Ball 1-0: Ground out U3 (Groundball, 3)
|
Top of the 4th over - 0 run(s), 0 hit(s), 0 error(s), 1 left on base; Kansas City 2 - Greenville 0 |
BOTTOM OF THE 4TH |
Greenville 84s batting - Pitching for Kansas City Kings : RHP Marty Bradford
|
Batting: RHB Enzo Díaz
|
0-0: Swinging Strike 0-1: Foul Ball, location: 2F 0-2: Ball 1-2: Ball 2-2: Foul Ball, location: 2F 2-2: Ball 3-2: SINGLE (Flyball, 89S)
|
Batting: LHB Paco Rosas
|
0-0: Ball 1-0: Ball 2-0: Foul Ball, location: 2F 2-1: Fly out, F9 (Flyball, 9LD) Runner from 1st tags up, OUT at 2nd
|
Batting: LHB Jimmy Vickers
|
0-0: Swinging Strike 0-1: Foul Ball, location: 2F 0-2: Ball 1-2: Ball 2-2: Foul Ball, location: 2F 2-2: SINGLE (Flyball, 78S)
|
Batting: RHB Vic Langlois
|
0-0: Ball 1-0: Fielders Choice at 2nd, 5-4 (Groundball, 5)
|
Bottom of the 4th over - 0 run(s), 2 hit(s), 0 error(s), 0 left on base; Kansas City 2 - Greenville 0 |
TOP OF THE 5TH |
Kansas City Kings batting - Pitching for Greenville 84s : RHP Vicente Durán
|
Pitching: LHP Glenn Fox
|
|
Batting: SHB Álex Hernández
|
0-0: Called Strike 0-1: Ball 1-1: Fly out, F9 (Flyball, 9)
|
Batting: RHB Chris Chandler
|
0-0: SINGLE (Flyball, 7S)
|
Batting: RHB Dave Parker
|
0-0: Ball 1-0: Foul Ball, location: 2F 1-1: Ball Chris Chandler is caught stealing 2nd base 2-1: Ball 3-1: Swinging Strike 3-2: Ground out 5-3 (Groundball, 5L)
|
Top of the 5th over - 0 run(s), 1 hit(s), 0 error(s), 0 left on base; Kansas City 2 - Greenville 0 |
BOTTOM OF THE 5TH |
Greenville 84s batting - Pitching for Kansas City Kings : RHP Marty Bradford
|
Pitching: RHP Alberto Bonilla
|
|
Batting: RHB Felipe Rodríguez
|
0-0: Called Strike 0-1: Foul Ball, location: 2F 0-2: Ball 1-2: SINGLE (Groundball, 56D)
|
Batting: RHB Robert Buckley
|
0-0: Called Strike 0-1: Foul Ball, location: 2F 0-2: Strikes out swinging
|
Batting: LHB José Costa
|
0-0: Called Strike 0-1: Foul Ball, location: 2F 0-2: Fly out, F8 (Flyball, 8LM)
|
Batting: RHB Carlos Torres
|
0-0: Called Strike 0-1: Foul Ball, location: 2F 0-2: Fielders Choice at 2nd, 4-6 (Groundball, 4)
|
Bottom of the 5th over - 0 run(s), 1 hit(s), 0 error(s), 0 left on base; Kansas City 2 - Greenville 0 |
TOP OF THE 6TH |
Kansas City Kings batting - Pitching for Greenville 84s : LHP Glenn Fox
|
Batting: LHB Stan Hickman
|
0-0: Called Strike 0-1: Ball 1-1: Ball 2-1: Called Strike 2-2: Fly out, F8 (Flyball, 78S)
|
Batting: RHB Toshimichi Kono
|
0-0: Ball 1-0: SINGLE (Groundball, 6MD)
|
Batting: LHB Brian Boone
|
0-0: Called Strike 0-1: Ball 1-1: Fly out, F8 (Flyball, 8RM)
|
Batting: LHB Michael Cook
|
0-0: Called Strike 0-1: Foul Ball, location: 2F 0-2: Ball 1-2: Strikes out swinging
|
Top of the 6th over - 0 run(s), 1 hit(s), 0 error(s), 1 left on base; Kansas City 2 - Greenville 0 |
BOTTOM OF THE 6TH |
Greenville 84s batting - Pitching for Kansas City Kings : RHP Alberto Bonilla
|
Batting: LHB Robert Moore
|
0-0: Ball 1-0: Ball 2-0: Foul Ball, location: 2F 2-1: Ball 3-1: Foul Ball, location: 2F 3-2: Base on Balls
|
Batting: RHB Enzo Díaz
|
0-0: Ball 1-0: Foul Ball, location: 2F 1-1: Swinging Strike 1-2: Strikes out swinging
|
Batting: LHB Paco Rosas
|
0-0: Ball 1-0: Ball 2-0: Ball 3-0: Called Strike 3-1: Base on Balls Robert Moore to second
|
Batting: LHB Jimmy Vickers
|
0-0: Ball 1-0: Called Strike 1-1: Foul Ball, location: 2F 1-2: Grounds into double play, 6-4-3 (Groundball, 6)
|
Bottom of the 6th over - 0 run(s), 0 hit(s), 0 error(s), 1 left on base; Kansas City 2 - Greenville 0 |
TOP OF THE 7TH |
Kansas City Kings batting - Pitching for Greenville 84s : LHP Glenn Fox
|
Batting: LHB Luis González
|
0-0: Ball 1-0: Fly out, F9 (Flyball, 89XD)
|
Batting: SHB António De La Cruz
|
0-0: Called Strike 0-1: Fly out, F3 (Line Drive, 3S)
|
Batting: SHB Álex Hernández
|
0-0: Ball 1-0: Called Strike 1-1: Ball 2-1: Swinging Strike 2-2: SINGLE (Groundball, 6M) (infield hit)
|
Pinch Hitting: RHB Eric Fuller
|
0-0: Ball 1-0: Ball 2-0: Ball 3-0: Called Strike 3-1: 2-RUN HOME RUN (Line Drive, 7D), Distance : 398 ft
|
Pitching: RHP Juan Moreno
|
|
Pinch Hitting: LHB Howard Lambert
|
0-0: Swinging Strike 0-1: Foul Ball, location: 2F 0-2: Ball 1-2: Ball 2-2: Foul Ball, location: 2F 2-2: Ball 3-2: Strikes out looking
|
Top of the 7th over - 2 run(s), 2 hit(s), 0 error(s), 0 left on base; Kansas City 4 - Greenville 0 |
BOTTOM OF THE 7TH |
Greenville 84s batting - Pitching for Kansas City Kings : RHP Alberto Bonilla
|
Pitching: RHP Mike Hodges
|
|
Now at 2B: Douglas Taylor
|
|
Now at 3B: Eric Fuller
|
|
Batting: RHB Vic Langlois
|
0-0: Ball 1-0: Swinging Strike 1-1: Ball 2-1: SOLO HOME RUN (Flyball, 8RXD), Distance : 435 ft
|
Batting: RHB Felipe Rodríguez
|
0-0: Called Strike 0-1: Foul Ball, location: 2F 0-2: Strikes out swinging
|
Batting: RHB Robert Buckley
|
0-0: Foul Ball, location: 2F 0-1: Called Strike 0-2: Fly out, F9 (Flyball, 9S)
|
Batting: LHB José Costa
|
0-0: Foul Ball, location: 2F 0-1: Ball 1-1: Ball 2-1: Called Strike 2-2: Ball 3-2: Strikes out swinging
|
Bottom of the 7th over - 1 run(s), 1 hit(s), 0 error(s), 0 left on base; Kansas City 4 - Greenville 1 |
TOP OF THE 8TH |
Kansas City Kings batting - Pitching for Greenville 84s : RHP Juan Moreno
|
Pinch Hitting: RHB Norm Francis
|
0-0: Foul Ball, location: 2F 0-1: Called Strike 0-2: Strikes out looking
|
Pinch Hitting: RHB Oliver Lugo
|
0-0: Ball 1-0: Ball 2-0: Called Strike 2-1: Swinging Strike 2-2: Strikes out swinging
|
Pinch Hitting: LHB Pedro Díaz
|
0-0: Ball 1-0: Swinging Strike 1-1: Called Strike 1-2: Ball 2-2: Strikes out swinging
|
Top of the 8th over - 0 run(s), 0 hit(s), 0 error(s), 0 left on base; Kansas City 4 - Greenville 1 |
BOTTOM OF THE 8TH |
Greenville 84s batting - Pitching for Kansas City Kings : RHP Mike Hodges
|
Now at 1B: Norm Francis
|
|
Now in LF: Oliver Lugo
|
|
Now in RF: Pedro Díaz
|
|
Batting: RHB Carlos Torres
|
0-0: Swinging Strike 0-1: Ball 1-1: Called Strike 1-2: Ball 2-2: Ball 3-2: Base on Balls
|
Batting: LHB Brock Larsen
|
0-0: Ball 1-0: Fielders Choice at 2nd, 3-6 (Groundball, 3)
|
Batting: RHB Enzo Díaz
|
0-0: Called Strike 0-1: Foul Ball, location: 2F 0-2: Ball 1-2: Ball 2-2: Grounds into double play, 6-4-3 (Groundball, 6)
|
Bottom of the 8th over - 0 run(s), 0 hit(s), 0 error(s), 0 left on base; Kansas City 4 - Greenville 1 |
TOP OF THE 9TH |
Kansas City Kings batting - Pitching for Greenville 84s : RHP Juan Moreno
|
Batting: LHB Ron Crawford
|
0-0: DOUBLE (Groundball, 5L)
|
Pinch Hitting: RHB Ronald Parsons
|
0-0: Called Strike 0-1: Swinging Strike 0-2: Ball 1-2: Foul Ball, location: 2F 1-2: Strikes out swinging
|
Batting: SHB António De La Cruz
|
0-0: Intentional Walk
|
Pinch Hitting: SHB José Cruz
|
0-0: Called Strike Ron Crawford steals 3rd base António De La Cruz to second 0-1: Called Strike 0-2: Strikes out looking
|
Batting: RHB Eric Fuller
|
0-0: Ground out 6-3 (Groundball, 56D)
|
Top of the 9th over - 0 run(s), 1 hit(s), 0 error(s), 2 left on base; Kansas City 4 - Greenville 1 |
BOTTOM OF THE 9TH |
Greenville 84s batting - Pitching for Kansas City Kings : RHP Mike Hodges
|
Pitching: LHP Curt Montgomery
|
|
Now at SS: Michael Thomas
|
|
Now in CF: José Cruz
|
|
Batting: LHB Paco Rosas
|
0-0: Ground out 3-1 (Groundball, 34)
|
Batting: LHB Jimmy Vickers
|
0-0: SINGLE (Groundball, 6MD)
|
Pinch Hitting: RHB Jorge Cisneros
|
0-0: Ball Wild Pitch! Jimmy Vickers to second 1-0: Ball 2-0: Foul Ball, location: 2F 2-1: Foul Ball, location: 2F 2-2: 2-RUN HOME RUN (Flyball, 7LD), Distance : 349 ft
|
Pitching: RHP Adrián Serrano
|
|
Pinch Hitting: LHB Chris Moore
|
0-0: Foul Ball, location: 2F 0-1: Foul Ball, location: 2F 0-2: Ball 1-2: Ground out 4-3 (Groundball, 4)
|
Pinch Hitting: LHB George Wood
|
0-0: Called Strike 0-1: Ball 1-1: Foul Ball, location: 2F 1-2: Fly out, F8 (Flyball, 78S)
|
Bottom of the 9th over - 2 run(s), 2 hit(s), 0 error(s), 0 left on base; Kansas City 4 - Greenville 3 |
|